AoeStats
← Crane

Arena

508867946Analyzed
4v4 RM · 6d ago on Sep 24, 2026· 37m 33s· 8 players
Game mode
Random Map
Map size
Large (8 player)
Population
200
Speed
Normal
Resources
Standard
Victory
Conquest
Starting age
Dark Age
Ending age
Imperial Age
RankedLock teamsTeams togetherTeam positionsShared explorationLock speedFull tech treeHidden civsTurbo modeCheats
Victory
Defeat
🇨🇳 Ethiopians · China
1123
+16
🇨🇳 Portuguese · China
1122
+16
🇨🇳 Persians · China
1122
+16
🇨🇳 Khmer · China
1110
+16
🇯🇵 Turks · Japan
1158
-17
🇭🇰 Byzantines · Hong Kong SAR China
1115
-16
🇨🇳 Wei · China
1110
-16
🇬🇧 Burmese · United Kingdom
1100
-15
QWE
11:06 Feudal Age
12:43 Wheelbarrow
12:13 Loom
12:53 Double-Bit Axe
15:26 Castle Age
13:45 Horse Collar
17:52 Wheelbarrow
25:48 Imperial Age
23:39 Gold Mining
25:25 Bow Saw
25:24 Stone Mining
25:35 Treadmill Crane
27:23 Stone Shaft Mining
27:44 Fortified Wall
29:24 Chemistry
28:40 Fletching
28:52 Padded Archer Armor
29:24 Town Watch
32:03 Two-Man Saw
32:05 Siege Engineers
33:49 Fletching
34:14 Leather Archer Armor
34:20 Guilds
34:41 Coinage
34:38 Bodkin Arrow
35:14 Bombard Tower
35:11 Masonry
36:33 Banking
KONW
11:09 Feudal Age
15:31 Castle Age
13:39 Horse Collar
13:48 Double-Bit Axe
14:07 Loom
17:26 Scale Mail Armor
28:21 Chain Mail Armor
35:36 Imperial Age
34:06 Heavy Plow
34:40 Gold Mining
35:02 Bow Saw
35:37 Town Watch
36:28 Wheelbarrow
37:26 Plate Mail Armor
37:26 Fortified Wall
36:43 Halberdier
37:24 Squires
37:41 Forging
先知后觉是也
11:33 Feudal Age
14:15 Castle Age
12:18 Double-Bit Axe
13:02 Horse Collar
19:52 Bow Saw
19:57 Heavy Plow
22:03 Gold Mining
22:26 Loom
25:07 Gold Shaft Mining
28:31 Imperial Age
27:07 Stone Mining
28:02 Wheelbarrow
27:13 Town Watch
27:39 Forging
27:35 Scale Barding Armor
29:03 Iron Casting
28:49 Chain Barding Armor
29:49 Hand Cart
30:40 Blast Furnace
30:16 Plate Barding Armor
30:39 Elite Battle Elephant
31:30 Bloodlines
31:22 Husbandry
34:31 Fortified Wall
34:25 Tusk Swords
36:47 Capped Ram
Elder K
10:32 Feudal Age
11:40 Loom
14:51 Castle Age
13:51 Double-Bit Axe
27:49 Imperial Age
26:08 Wheelbarrow
25:58 Bow Saw
25:31 Horse Collar
26:01 Gold Mining
26:18 Heavy Plow
26:47 Scale Barding Armor
27:47 Stone Mining
27:42 Cavalier
28:38 Bloodlines
29:28 Gold Shaft Mining
29:02 Husbandry
29:01 Savar
30:33 Forging
31:36 Chemistry
31:23 Hand Cart
31:38 Chain Barding Armor
32:41 Iron Casting
32:45 Crop Rotation
Huns
10:58 Feudal Age
11:39 Double-Bit Axe
14:28 Castle Age
12:24 Horse Collar
15:21 Bow Saw
15:13 Heavy Plow
22:35 Wheelbarrow
21:46 Loom
23:00 Gold Mining
26:52 Imperial Age
25:14 Scale Mail Armor
25:34 Hand Cart
26:05 Squires
26:21 Chain Mail Armor
26:17 Forging
26:58 Fortified Wall
29:29 Two-Man Saw
29:02 Crop Rotation
30:52 Gold Shaft Mining
30:08 Stone Mining
31:27 Plate Mail Armor
33:56 Stone Shaft Mining
32:59 Elite Varangian Guard
34:24 Iron Casting
34:01 Logistica
34:12 Conscription
34:12 Pikeman
34:53 Halberdier
35:39 Arson
36:37 Fletching
36:44 Halberdier
RomaSaga
12:26 Feudal Age
16:08 Castle Age
14:05 Double-Bit Axe
14:01 Horse Collar
16:17 Loom
17:05 Bow Saw
16:56 Heavy Plow
21:17 Town Watch
25:32 Gold Mining
25:33 Stone Mining
26:27 Fortified Wall
25:58 Treadmill Crane
26:57 Wheelbarrow
28:30 Gold Shaft Mining
31:53 Imperial Age
29:36 Scale Barding Armor
30:23 Hand Cart
30:20 Forging
31:06 Chain Barding Armor
30:59 Bloodlines
31:55 Iron Casting
31:51 Fletching
32:12 Padded Archer Armor
33:10 Plate Barding Armor
31:58 Cavalier
32:39 Husbandry
32:50 Town Patrol
35:20 Blast Furnace
34:16 Bodkin Arrow
34:43 Bombard Tower
34:34 Masonry
34:20 Murder Holes
35:00 Conscription
34:43 Elite Janissary
36:38 Two-Man Saw
37:00 Leather Archer Armor
Crane
[SKY] strider
8:55 Loom
10:41 Feudal Age
15:10 Castle Age
14:41 Horse Collar
15:10 Gold Mining
16:10 Heavy Plow
21:59 Wheelbarrow
26:35 Imperial Age
24:45 Husbandry
24:58 Bloodlines
25:15 Scale Barding Armor
28:16 Chemistry
27:29 Forging
28:43 Pikeman
Connection lost

Rejoining the realm…

Still unreachable

The connection could not be restored.

Session expired

The server has moved on; the page needs a fresh start.